 Dungeon Crawl Stone Soup version 0.21-a0-578-gc6e9d75 (webtiles) character file.

60 KeeTraxx the Ruffian (level 4, -2/38 HPs)
             Began as a Naga Transmuter on Dec 18, 2017.
             Slain by a hobgoblin (3 damage)
             ... on level 2 of the Dungeon.
             The game lasted 00:05:21 (1668 turns).

KeeTraxx the Ruffian (Naga Transmuter)              Turns: 1668, Time: 00:05:22

Health: -2/38      AC:  2    Str: 13    XL:     4   Next: 4%
Magic:  7/8        EV:  9    Int: 17    God:
Gold:   87         SH:  0    Dex: 11    Spells: 2/8 levels left

rFire    . . .     SeeInvis +     - Unarmed
rCold    . . .     Gourm    .   (no shield)
rNeg     . . .     Faith    .   h - +0 leather armour
rPois    +         Spirit   .   (no helmet)
rElec    .         Reflect  .   (no cloak)
rCorr    .         Harm     .   (no gloves)
MR       .....                  (no barding)
Stlth    +.........             (no amulet)
HPRegen  0.12/turn              t - +3 ring of intelligence
MPRegen  0.11/turn              (no ring)

@: very slow
A: large, see invisible, deformed body, poison resistance, slowness 2, slow
metabolism 1, spit poison 1, AC +1
a: Spit Poison


You were on level 2 of the Dungeon.
You were not hungry.

You visited 1 branch of the dungeon, and saw 2 of its levels.

You collected 87 gold pieces.

Inventory:

Hand Weapons
 m - a +0 short sword of venom
Missiles
 a - 25 arrows
 u - 16 sling bullets
Armour
 b - a +0 robe
 h - a +0 leather armour (worn)
 l - a +0 ring mail
Jewellery
 t - a +3 ring of intelligence (left hand)
Wands
 o - a wand of disintegration (2)
Scrolls
 e - a scroll of enchant weapon {unknown}
 f - 3 scrolls of teleportation {unknown}
 g - a scroll of fog {unknown}
 p - a scroll of remove curse {unknown}
 q - a scroll of fear {unknown}
 r - a scroll of magic mapping {unknown}
 s - a scroll of amnesia {unknown}
Potions
 i - a potion of curing
 n - a potion of flight {unknown}
Books
 c - a book of Changes

   Spells                             Type                      Level
   a - Beastly Appendage              Transmutation                1
   b - Sticks to Snakes               Transmutation                2
   c - Spider Form                    Transmutation/Poison         3
   d - Ice Form                       Ice/Transmutation            4
   e - Blade Hands                    Transmutation                5
Comestibles
 d - 2 rations


   Skills:
 + Level 1.2 Fighting
 - Level 1.5 Dodging
 + Level 3.4 Unarmed Combat
 + Level 2.7 Spellcasting
 * Level 2.9 Transmutations
 * Level 0.8 Poison Magic


You had 2 spell levels left.
You knew the following spells:

 Your Spells              Type           Power        Failure   Level  Hunger
a - Beastly Appendage     Tmut           ##....       7%          1    #......
b - Sticks to Snakes      Tmut           ##......     11%         2    ##.....
c - Spider Form           Tmut/Pois      #.........   30%         3    ###....


Dungeon Overview and Level Annotations

Branches:
Dungeon (2/15)

Altars:


Innate Abilities, Weirdness & Mutations

You cannot wear boots.
Your serpentine skin is tough. (AC +1)
You have supernaturally acute eyesight. (SInv)
Armour fits poorly on your strangely shaped body.
Your system is resistant to poisons. (rPois)
You cover ground very slowly.
You have a slow metabolism.
You can spit poison.


Message History

* * * LOW HITPOINT WARNING * * *
The hippogriff pecks you.
* * * LOW HITPOINT WARNING * * *
The hippogriff completely misses you.
Your transformation is almost over.
Your transformation has ended.
Your +0 leather armour unmelds from your body.
The hobgoblin barely misses you. The hippogriff bites you.
* * * LOW HITPOINT WARNING * * *
The hippogriff pecks you.
* * * LOW HITPOINT WARNING * * *
The hippogriff claws you.
* * * LOW HITPOINT WARNING * * *
Unknown command.
As you read the scroll labeled ZAKIJ LOREYTZ, it crumbles to dust.
It is a scroll of identify.
i - a potion of curing The hobgoblin hits you.
You die...

..#...........#
.##......>....# #♣#♣#♣#
.###..........## #.......#
## #.........^.## ♣.......♣
######...##..# #.......#
###..##.# ♣.......♣ ##.##.#
#.......# #..#.###♣.......♣
####....@H..........
#########........g.♣.♣#♣.♣#
..>.......#####......#
########### ##.....# #
###......# ### ##........#
..# #..##.....# #.#
##.######.### # # #.# ##..#
###...# .# ...


You could see a hippogriff and a hobgoblin.

Vanquished Creatures
  2 oozes (D:1)
  A worm (D:2)
  A dart slug (D:1)
  3 leopard geckos
  A ball python (D:1)
  3 bats
  6 giant cockroaches
  5 goblins
  4 hobgoblins (D:1)
  A quokka (D:2)
  A frilled lizard (D:1)
  6 kobolds
  4 rats
38 creatures vanquished.

Vanquished Creatures (collateral kills)
  A goblin (D:2)
1 creature vanquished.

Grand Total: 39 creatures vanquished

Notes
Turn   | Place    | Note
-------+----------+-------------------------------------------
     0 | D:1      | KeeTraxx the Naga Transmuter began the quest for the Orb.
     0 | D:1      | Reached XP level 1. HP: 18/18 MP: 3/3
   155 | D:1      | Reached XP level 2. HP: 25/25 MP: 5/5
   955 | D:1      | Reached XP level 3. HP: 23/31 MP: 6/6
   959 | D:1      | Learned a level 2 spell: Sticks to Snakes
   963 | D:1      | Learned a level 3 spell: Spider Form
  1616 | D:2      | Reached XP level 4. HP: 38/38 MP: 6/8
  1644 | D:2      | Noticed a hippogriff
  1667 | D:2      | HP: 1/38 [hippogriff (4)]
  1668 | D:2      | Slain by a hobgoblin

Vault maps used:
D:1:      nicolae_arrival_memento_mori
D:2:      serial_forest, infiniplex_forest_end_1, infiniplex_forest_straight_2,
          infiniplex_forest_pool, infiniplex_forest_lined_room_3,
          infiniplex_forest_lined_3_way, infiniplex_forest_clump_tiny,
          infiniplex_forest_corner_2, infiniplex_forest_corner_2,
          grunt_decor_cap

Action                   |  1- 3 |  4- 6 || total
-------------------------+-------+-------++-------
Melee: Unarmed           |    87 |     6 ||    93
       Headbutt          |     7 |       ||     7
       Punch             |     1 |       ||     1
 Cast: Beastly Appendage |    18 |     1 ||    19
       Sticks to Snakes  |     1 |       ||     1
       Spider Form       |       |     1 ||     1
 Abil: Spit Poison       |    16 |     1 ||    17
Evoke: Wand              |       |     4 ||     4
  Use: Scroll            |       |     1 ||     1
  Eat: Chunk             |     3 |       ||     3
Armor: Robe              |     1 |       ||     1
       Leather armour    |    22 |     1 ||    23
Dodge: Dodged            |    52 |    11 ||    63

Table legend:
 A = Spawn XP
 B = Non-spawn XP
 C = Spawn XP percentage of total XP
 D = Spawn monster count
 E = Non-spawn monster count
 F = Spawn count percentage of total count
 G = Total turns spent on level
                    A         B        C        D         E        F      G
               +---------+---------+-------+---------+---------+-------+---------
         Total |       0 |      86 |   0.0 |       0 |      39 |   0.0 |  1668
               +---------+---------+-------+---------+---------+-------+---------
           D:1 |       0 |      55 |   0.0 |       0 |      24 |   0.0 |  1287
           D:2 |       0 |      31 |   0.0 |       0 |      15 |   0.0 |   381
               +---------+---------+-------+---------+---------+-------+---------
